cohdb
Replays
Latest Replays
All Replays
Popular Replays
Top Player Replays
Match Explorer
How It Works
Community
CoH3 Stats
Reddit
Sign in to upload your games and track your stats! →
Sign in with Steam
Match 42177142
Unlisted
Match 42177142
Overview
Messages
Build Orders
End
Kradschützen Motorcycle Team
Panzergrenadier Squad
Selects Battlefield Espionage Battlegroup
Panzergrenadier Squad
Construct Light Support Kompanie
Selects 250/3 Funkpanzerwagen
250/3 Funkpanzerwagen
Assault Grenadier Squad
2.5-tonne Medical Truck
Panzerjäger Mechanized Group
Selects Anti-Tank Incendiary Munitions
250/3 Funkpanzerwagen
Assault Grenadier Squad
MG34 Team
Construct Mechanized Kompanie
8 Rad Armored Car
Support Armor Elements
Pak 38 Mechanized Group
Selects Operation Skorpion
سَۨفُـيٰانۨوٰس
Overclocked
0
0
Comments
sign in to comment!
No comments posted yet!